 Dungeon Crawl Stone Soup version 0.30.1-1-g62c8e00024 (webtiles) character file.

Game seed: 9022686279555116921

375 Gorgoleon the Poker (level 6, -2/47 HPs)
             Began as a Merfolk Gladiator on July 16, 2023.
             Slain by Crazy Yiuf
             ... wielding a +3 quarterstaff of chaos
              (5 damage)
             ... on level 4 of the Dungeon.
             The game lasted 00:08:45 (4406 turns).

Gorgoleon the Poker (Merfolk Gladiator)             Turns: 4406, Time: 00:08:46

Health: -2/47      AC:  7    Str: 14 (17) XL:     6   Next: 72%
Magic:  6/6        EV: 10    Int:  5 (7)  God:
Gold:   269        SH:  5    Dex: 14 (15) Spells: 5/5 levels left

rFire   + . .        a - +0 trident
rCold   + + .        (no shield)
rNeg    . . .        b - +0 leather armour
rPois   +            c - +0 helmet
rElec   +            l - +1 cloak
rCorr   +            h - +0 pair of gloves
SInv    .            (no boots)
Will    .....        z - amulet of reflection
Stlth   +            j - ring of protection from cold
HPRegen 0.27/turn    (no ring)
MPRegen 0.10/turn

%: reflection
@: resistant, grasped by roots, constricted
A: (nimble swimmer 2), mertail
a: no special abilities


You were on level 4 of the Dungeon.
You visited 2 branches of the dungeon, and saw 5 of its levels.

You collected 269 gold pieces.

Inventory:

Hand Weapons
 a - a +0 trident (weapon)
Missiles
 d - a throwing net
 e - a javelin
 i - 11 stones (quivered)
 k - 3 silver boomerangs
Armour
 b - a +0 leather armour (worn)
 c - a +0 helmet (worn)
 h - a +0 pair of gloves (worn)
 l - a +1 cloak (worn)
Jewellery
 j - a ring of protection from cold (left hand)
 y - a ring of magical power
 z - an amulet of reflection (around neck)
Scrolls
 f - 5 scrolls of immolation {unknown}
 g - a scroll of enchant weapon {unknown}
 m - 2 scrolls of vulnerability {unknown}
 o - 2 scrolls of teleportation {unknown}
 p - 3 scrolls of enchant armour {unknown}
 s - a scroll of amnesia {unknown}
 u - a scroll of blinking {unknown}
 v - 3 scrolls of identify {unknown}
 w - a scroll of torment {unknown}
 A - a scroll of noise {unknown}
 B - a scroll of magic mapping {unknown}
Potions
 r - 2 potions of degeneration
 t - a potion of magic
 x - a potion of resistance


   Skills:
 + Level 3.2 Fighting
 + Level 7.1 Polearms
 - Level 2.0 Throwing
 + Level 2.5 Armour
 - Level 5.0 Dodging


You had 5 spell levels left.
You didn't know any spells.
Your spell library contained the following spells:

 Spells                   Type           Power      Damage    Failure   Level
 Portal Projectile        Hex/Tloc       0%         N/A       89%         3
 Summon Guardian Golem    Hex/Summ       0%         N/A       89%         3
 Tukima's Dance           Hex            0%         N/A       89%         3
 Passage of Golubria      Tloc           0%         N/A       100%        4
 Blade Hands              Tmut           0%         N/A       100%        5
 Yara's Violent Unravell  Hex/Tmut       0%         3d3       100%        5
 Orb of Destruction       Conj           0%         9d5       100%        7
 Spellforged Servitor     Conj/Summ      0%         N/A       100%        7


Dungeon Overview and Level Annotations

Branches:
Dungeon (4/15)             Temple (1/1) D:4

Altars:
Ashenzari
Cheibriados
Elyvilon
Fedhas
Ru
Vehumet
Wu Jian
Xom
Yredelemnul
Zin
The Shining One

Shops:
D:2 (

Annotations:
D:4 Crazy Yiuf


Innate Abilities, Weirdness & Mutations

((You are very nimble when in or above water. (Stealth+, EV+, Speed+++)))
Your lower body shifts to a powerful aquatic tail in water.


Message History

Crazy Yiuf says, "Gnoll!
Cards disdain unthinkable."
Crazy Yiuf screams, "Snower toodlewoodle senile!"
Crazy Yiuf flaps his cloak.
Crazy Yiuf says, "Snoogle head return to song!"
Done waiting.
It was a potion of magic.
Magic courses through your body.
It was a potion of resistance.
You feel protected.
You open the door. You barely miss Crazy Yiuf.
Crazy Yiuf zaps a wand.
The roots erupt in riotous growth!
The grasping roots grab you!
Crazy Yiuf is unaffected.
The grasping roots constrict you.
You hit Crazy Yiuf but do no damage.
Crazy Yiuf hits you with a +3 quarterstaff of chaos!
The grasping roots constrict you.
You barely miss Crazy Yiuf.
Crazy Yiuf hits you with a +3 quarterstaff of chaos!
The grasping roots constrict you.
You closely miss Crazy Yiuf. Crazy Yiuf closely misses you.
The grasping roots constrict you.
You hit Crazy Yiuf but do no damage.
Crazy Yiuf says, "Crazy?
Crazy!?
PORCUPINE!"
Crazy Yiuf barely misses you. The grasping roots constrict you.
* * * LOW HITPOINT WARNING * * *
The grasping roots release their grip on you.
You closely miss Crazy Yiuf. You hit Crazy Yiuf but do no damage.
Crazy Yiuf zaps a wand.
The roots erupt in riotous growth!
The grasping roots grab you!
Crazy Yiuf is unaffected.
The grasping roots constrict you.
* * * LOW HITPOINT WARNING * * *
You hit Crazy Yiuf but do no damage. Crazy Yiuf barely misses you.
The grasping roots constrict you.
* * * LOW HITPOINT WARNING * * *
You hit Crazy Yiuf.
Crazy Yiuf is lightly wounded.
Crazy Yiuf waves his quarterstaff at you.
Crazy Yiuf hits you with a +3 quarterstaff of chaos.
You die...

# ##..#.## ##..##........#....# #
#....# #.##.........#..... #
#...## #.................. ##
##...# ###########.##....#
.####....# #.......# #........#
#........ #...####.# ###
♣♣##.....#.. ....## ### #)..#♣♣
♣♣P....#..... .##..#
#...g@♣♣♣♣PP....###... ###..#
#...#♣..♣.♣P...####... # ##.##
### ♣♣♣.♣....###..... #..##
♣♣♣♣♣### ##.##. ##..# ##..### #
#..## #### ############..## #
######..###..###.............####
....##.......##...###...###......
##......####.....## #...##.......


You could see Crazy Yiuf.

Vanquished Creatures
  A phantom (D:4)
  A howler monkey (Temple)
  A jelly (D:4)
  An orc priest (D:4)
  2 orc wizards
  A gnoll (D:1)
  5 adders
  An ufetubus (D:4)
  2 worms
  6 dart slugs
  5 orcs
  4 ball pythons
  4 endoplasms
  2 giant cockroaches
  6 hobgoblins
  10 jackals
  6 kobolds
  5 quokkas
  5 bats
  4 frilled lizards
  A rat (D:2)
73 creatures vanquished.

Notes
Turn   | Place    | Note
-------+----------+-------------------------------------------
     0 | D:1      | Gorgoleon the Merfolk Gladiator began the quest for the
                  | Orb.
     0 | D:1      | Reached XP level 1. HP: 16/16 MP: 1/1
   146 | D:1      | Reached XP level 2. HP: 21/22 MP: 2/2
   318 | D:1      | Reached XP level 3. HP: 28/28 MP: 3/3
  1102 | D:2      | Found Harph's Antique Weapon Emporium.
  1322 | D:2      | Reached skill level 5 in Polearms
  1336 | D:2      | Reached XP level 4. HP: 33/34 MP: 4/4
  1387 | D:2      | Reached skill level 1 in Armour
  2263 | D:3      | Reached skill level 5 in Dodging
  2263 | D:3      | Reached XP level 5. HP: 30/40 MP: 5/5
  3033 | D:4      | Reached skill level 6 in Polearms
  3083 | D:4      | Noticed a phantom
  3102 | D:4      | Killed a phantom
  3103 | D:4      | Reached XP level 6. HP: 35/47 MP: 6/6
  3276 | D:4      | Found a staircase to the Ecumenical Temple.
  3303 | Temple   | Entered the Ecumenical Temple
  3570 | Temple   | Reached skill level 7 in Polearms
  4288 | D:4      | Found a runed translucent door.
  4289 | D:4      | Noticed Crazy Yiuf
  4406 | D:4      | Slain by Crazy Yiuf

Illustrated notes

Levels and vault maps discovered:
D:1:      wander_arrival_lonely_grave, layout_basic, chequers_jeans
D:2:      layout_basic, serial_shops, nicolae_shop_just_a_little_nook
D:3:      layout_basic
D:4:      layout_layer_cave, minmay_temple_entry_drinking_statues,
          uniq_crazy_yiuf_cottage
Temple:   jpeg_temple_clearing

Skill      XL: |  1  2  3  4  5  6 |
---------------+-------------------+-----
Polearms       | 5 6 7 |  7.1
Armour         | 1 2 |  2.5
Dodging        | 5 |  5.0
Fighting       | 3 |  3.2
Throwing       | |  2.0

Action                     |  1- 3 |  4- 6 || total
---------------------------+-------+-------++-------
  Melee: Trident           |    99 |   187 ||   286
         Punch             |       |     1 ||     1
  Throw: Throwing net      |       |     2 ||     2
         Stone             |       |     1 ||     1
    Use: Potion            |       |     5 ||     5
   Stab: Sleeping          |     3 |     1 ||     4
 Armour: Leather armour    |    21 |    48 ||    69
  Dodge: Dodged            |    57 |    73 ||   130
  Block: Other             |       |    13 ||    13
